AoeStats
← tom

Arabia

507343494Analyzed
1v1 RM · 15d ago on Sep 17, 2026· 38m 24s· 2 players
Game mode
Random Map
Map size
Tiny (2 player)
Population
200
Speed
Normal
Resources
Standard
Victory
Conquest
Starting age
Dark Age
Ending age
Imperial Age
RankedLock teamsTeams togetherTeam positionsShared explorationLock speedFull tech treeHidden civsTurbo modeCheats
Victory
Defeat
🇱🇻 Japanese · Latvia
719
+15
🇸🇪 Teutons · Sweden
698
-15
childrenofthelight
6:55 Loom
9:55 Feudal Age
21:02 Castle Age
37:30 Ballistics
tom
6:48 Loom
9:58 Feudal Age
10:01 Man-at-Arms
15:17 Scale Mail Armor
15:58 Arson
16:27 Double-Bit Axe
19:09 Forging
19:41 Horse Collar
26:49 Castle Age
28:28 Scale Barding Armor
28:59 Iron Casting
29:01 Husbandry
29:16 Bloodlines
29:57 Heavy Plow
31:05 Light Cavalry
32:01 Squires
34:31 Wheelbarrow
36:29 Long Swordsman
36:58 Gambesons
Connection lost

Rejoining the realm…

Still unreachable

The connection could not be restored.

Session expired

The server has moved on; the page needs a fresh start.